AoeStats
← Shawn96

Fortress

509958778Analyzed
4v4 RM · 4d ago on Sep 28, 2026· 14m 40s· 8 players
Game mode
Random Map
Map size
Huge
Population
200
Speed
Normal
Resources
Standard
Victory
Conquest
Starting age
Dark Age
Ending age
Imperial Age
RankedLock teamsTeams togetherTeam positionsShared explorationLock speedFull tech treeHidden civsTurbo modeCheats
Victory
Defeat
🇨🇦 Hindustanis · Canada
1319
+15
🇬🇧 Ethiopians · United Kingdom
1274
+17
🇺🇸 Spanish · United States
1225
+19
🇬🇧 Romans · United Kingdom
1212
+21
🇹🇷 Persians · Türkiye
1323
-19
🇲🇽 Varangians · Mexico
1320
-19
🇨🇴 Bulgarians · Colombia
1302
-18
🇨🇦 Ethiopians · Canada
1261
-16
Sir Vivyn
3:02 Loom
3:41 Loom
8:53 Feudal Age
10:31 Wheelbarrow
9:43 Double-Bit Axe
9:44 Horse Collar
11:00 Gold Mining
15:51 Castle Age
zularombr
7:19 Feudal Age
11:13 Castle Age
10:03 Loom
10:26 Double-Bit Axe
10:37 Loom
CrashTag
7:33 Feudal Age
8:38 Loom
11:40 Castle Age
10:02 Double-Bit Axe
10:04 Horse Collar
12:34 Bow Saw
Sawyer
7:58 Feudal Age
8:10 Feudal Age
12:27 Castle Age
10:47 Double-Bit Axe
11:22 Horse Collar
Shawn96
8:10 Feudal Age
9:15 Double-Bit Axe
9:13 Horse Collar
12:04 Castle Age
12:58 Bow Saw
13:10 Heavy Plow
onesecimpoopin
8:05 Feudal Age
12:08 Castle Age
10:11 Double-Bit Axe
10:33 Horse Collar
12:01 Wheelbarrow
13:28 Bow Saw
D0cTOrSniper
8:21 Feudal Age
12:33 Castle Age
11:09 Double-Bit Axe
11:06 Horse Collar
14:06 Bow Saw
Calum1Ltv
7:08 Feudal Age
10:44 Castle Age
8:32 Double-Bit Axe
9:10 Horse Collar
10:12 Gold Mining
11:45 Bow Saw
11:55 Scale Mail Armor
12:56 Squires
Connection lost

Rejoining the realm…

Still unreachable

The connection could not be restored.

Session expired

The server has moved on; the page needs a fresh start.